| TOP OF THE 1ST |
|
Detroit Tigers batting - Pitching for Kansas City Royals : LHP John Brooks
|
|
Pitching: LHP John Brooks
|
|
|
Batting: RHB Andres Leon
|
0-0: Ball 1-0: Swinging Strike 1-1: Ball 2-1: Foul Ball, location: 2F 2-2: Foul Ball, location: 2F 2-2: Ball 3-2: Strikes out swinging
|
|
Batting: RHB Adrian Novakovic
|
0-0: Called Strike 0-1: Swinging Strike 0-2: Foul Ball, location: 2F 0-2: Ball 1-2: Strikes out swinging
|
|
Batting: RHB Rich Stinson
|
0-0: Ball 1-0: Called Strike 1-1: Foul Ball, location: 2F 1-2: Foul Ball, location: 2F 1-2: Ball 2-2: Foul Ball, location: 2F 2-2: Foul Ball, location: 2F 2-2: Strikes out looking
|
| Top of the 1st over - 0 runs, 0 hits, 0 errors, 0 left on base; Detroit 0 - Kansas City 0 |
| BOTTOM OF THE 1ST |
|
Kansas City Royals batting - Pitching for Detroit Tigers : RHP Chris McCurdy
|
|
Pitching: RHP Chris McCurdy
|
|
|
Batting: SHB Jose Pacheco
|
0-0: Hit by Pitch
|
|
Batting: RHB Matt Belgard
|
0-0: Called Strike 0-1: Ball 1-1: Ball 2-1: Ball Wild Pitch! Jose Pacheco to second 3-1: DOUBLE (Flyball, 89D, EV 101.9 MPH) Jose Pacheco scores
|
|
Batting: RHB Mike Jaquez
|
0-0: Swinging Strike 0-1: Ball 1-1: Swinging Strike 1-2: Ball 2-2: Fly out, F7 (Flyball, 7LD, EV 106.9 MPH)
|
|
Batting: LHB Roman Downey
|
0-0: Ball 1-0: Ball 2-0: Foul Ball, location: 2F 2-1: Ball 3-1: Ground out 4-3 (Groundball, 34D, EV 98.8 MPH) Matt Belgard to third
|
|
Batting: LHB Bill Baconneck
|
0-0: Called Strike 0-1: Ground out 4-3 (Groundball, 4, EV 81.9 MPH)
|
| Bottom of the 1st over - 1 run, 1 hit, 0 errors, 1 left on base; Detroit 0 - Kansas City 1 |
| TOP OF THE 2ND |
|
Detroit Tigers batting - Pitching for Kansas City Royals : LHP John Brooks
|
|
Batting: RHB Chris Wheatley
|
0-0: Ball 1-0: Called Strike 1-1: Fly out, F3 (Popup, 3F, EV 68.1 MPH)
|
|
Batting: SHB Ross Holland
|
0-0: Called Strike 0-1: Called Strike 0-2: Ball 1-2: Ball 2-2: Foul Ball, location: 2F 2-2: Strikes out swinging
|
|
Batting: LHB Tyler Davis
|
0-0: Foul Ball, location: 2F 0-1: Foul Ball, location: 2F 0-2: Foul Ball, location: 2F 0-2: Foul Ball, location: 2F 0-2: Strikes out swinging
|
| Top of the 2nd over - 0 runs, 0 hits, 0 errors, 0 left on base; Detroit 0 - Kansas City 1 |
| BOTTOM OF THE 2ND |
|
Kansas City Royals batting - Pitching for Detroit Tigers : RHP Chris McCurdy
|
|
Batting: SHB Gil Switzer
|
0-0: Foul Ball, location: 2F 0-1: Ball 1-1: Foul Ball, location: 2F 1-2: Strikes out swinging
|
|
Batting: LHB Pete Hansel
|
0-0: Ball 1-0: Ground out U3 (Groundball, 3, EV 82.5 MPH)
|
|
Batting: LHB Manny Estrada
|
0-0: Ball 1-0: Ball 2-0: Fly out, F9 (Flyball, 9D, EV 101.2 MPH)
|
| Bottom of the 2nd over - 0 runs, 0 hits, 0 errors, 0 left on base; Detroit 0 - Kansas City 1 |
| TOP OF THE 3RD |
|
Detroit Tigers batting - Pitching for Kansas City Royals : LHP John Brooks
|
|
Batting: RHB Dan Friess
|
0-0: Called Strike 0-1: Ball 1-1: Called Strike 1-2: Strikes out swinging
|
|
Batting: LHB Morgan Black
|
0-0: Ball 1-0: Called Strike 1-1: Ball 2-1: Ball 3-1: Foul Ball, location: 2F 3-2: Foul Ball, location: 2F 3-2: Fly out, F6 (Line Drive, 6MD, EV 71.2 MPH)
|
|
Batting: LHB Frank McConnell
|
0-0: Fly out, F3 (Line Drive, 3L, EV 75.6 MPH)
|
| Top of the 3rd over - 0 runs, 0 hits, 0 errors, 0 left on base; Detroit 0 - Kansas City 1 |
| BOTTOM OF THE 3RD |
|
Kansas City Royals batting - Pitching for Detroit Tigers : RHP Chris McCurdy
|
|
Batting: LHB Sam Britt
|
0-0: DOUBLE (Flyball, 89XD, EV 94.4 MPH)
|
|
Batting: SHB Jose Pacheco
|
0-0: Ball Wild Pitch! Sam Britt to third 1-0: Ball 2-0: Foul Ball, location: 2F 2-1: Called Strike 2-2: Ball 3-2: Base on Balls
|
|
Batting: RHB Matt Belgard
|
0-0: Foul Ball, location: 2F 0-1: Fly out, F8 (Line Drive, 8RM, EV 95.6 MPH) Runner from 3rd tags up, SCORES, throw by CF
|
|
Batting: RHB Mike Jaquez
|
0-0: Ball Pickoff Throw by Catcher to First - Out! 1-0: Fly out, F9 (Flyball, 9S, EV 86.9 MPH)
|
| Bottom of the 3rd over - 1 run, 1 hit, 0 errors, 0 left on base; Detroit 0 - Kansas City 2 |
| TOP OF THE 4TH |
|
Detroit Tigers batting - Pitching for Kansas City Royals : LHP John Brooks
|
|
Batting: RHB Andres Leon
|
0-0: Ball 1-0: SOLO HOME RUN (Line Drive, 7D, EV 100.0 MPH), Distance : 375 ft
|
|
Batting: RHB Adrian Novakovic
|
0-0: Ball 1-0: Ball 2-0: Ball 3-0: Called Strike 3-1: Called Strike 3-2: SOLO HOME RUN (Flyball, 7D, EV 96.2 MPH), Distance : 366 ft
|
|
Batting: RHB Rich Stinson
|
0-0: Ball 1-0: Swinging Strike 1-1: Swinging Strike 1-2: Foul Ball, location: 2F 1-2: Foul Ball, location: 2F 1-2: Foul Ball, location: 2F 1-2: Strikes out swinging
|
|
Pitching: RHP Joe Jordahl
|
|
|
Batting: RHB Chris Wheatley
|
0-0: Called Strike 0-1: Fly out, F4 (Flyball, 34D, EV 94.4 MPH)
|
|
Batting: SHB Ross Holland
|
0-0: Called Strike 0-1: Called Strike 0-2: Ball 1-2: Ball 2-2: Foul Ball, location: 2F 2-2: Ball 3-2: Base on Balls
|
|
Batting: LHB Tyler Davis
|
0-0: Called Strike 0-1: Called Strike Ross Holland is caught stealing 2nd base 2-6
|
| Top of the 4th over - 2 runs, 2 hits, 0 errors, 0 left on base; Detroit 2 - Kansas City 2 |
| BOTTOM OF THE 4TH |
|
Kansas City Royals batting - Pitching for Detroit Tigers : RHP Chris McCurdy
|
|
Batting: LHB Roman Downey
|
0-0: Ball 1-0: Foul Ball, location: 2F 1-1: Ground out 5-3 (Groundball, 6, EV 84.4 MPH)
|
|
Batting: LHB Bill Baconneck
|
0-0: Called Strike 0-1: Swinging Strike 0-2: Ball 1-2: Ball 2-2: Ground out 6-3 (Groundball, P, EV 83.8 MPH)
|
|
Batting: SHB Gil Switzer
|
0-0: Ground out 5-3 (Groundball, 56, EV 111.9 MPH)
|
| Bottom of the 4th over - 0 runs, 0 hits, 0 errors, 0 left on base; Detroit 2 - Kansas City 2 |
| TOP OF THE 5TH |
|
Detroit Tigers batting - Pitching for Kansas City Royals : RHP Joe Jordahl
|
|
Batting: LHB Tyler Davis
|
0-0: Foul Ball, location: 2F 0-1: DOUBLE (Line Drive, 7LM, EV 110.0 MPH)
|
|
Batting: RHB Dan Friess
|
0-0: Ball 1-0: Fly out, F8 (Flyball, 8RM, EV 91.2 MPH)
|
|
Batting: LHB Morgan Black
|
0-0: Foul Ball, location: 2F 0-1: 2-RUN HOME RUN (Line Drive, 9LD, EV 100.0 MPH), Distance : 379 ft
|
|
Batting: LHB Frank McConnell
|
0-0: DOUBLE (Line Drive, 89D, EV 106.9 MPH)
|
|
Batting: RHB Andres Leon
|
0-0: Ball 1-0: Called Strike 1-1: Ball 2-1: Called Strike 2-2: Strikes out swinging
|
|
Batting: RHB Adrian Novakovic
|
0-0: Swinging Strike 0-1: Ball 1-1: Ball 2-1: Foul Ball, location: 2F 2-2: Fly out, F8 (Flyball, 89M, EV 90.6 MPH)
|
| Top of the 5th over - 2 runs, 3 hits, 0 errors, 1 left on base; Detroit 4 - Kansas City 2 |
| BOTTOM OF THE 5TH |
|
Kansas City Royals batting - Pitching for Detroit Tigers : RHP Chris McCurdy
|
|
Batting: LHB Pete Hansel
|
0-0: Called Strike 0-1: Foul Ball, location: 2F 0-2: Foul Ball, location: 2F 0-2: Foul Ball, location: 2F 0-2: Ball 1-2: Ball 2-2: DOUBLE (Flyball, 8LXD, EV 107.5 MPH)
|
|
Batting: LHB Manny Estrada
|
0-0: Ground out 6-3 (Groundball, 4M, EV 103.8 MPH) Pete Hansel to third
|
|
Batting: LHB Sam Britt
|
0-0: Ball 1-0: Called Strike 1-1: Foul Ball, location: 2F 1-2: Ball 2-2: Ball 3-2: Fly out, F4 (Popup, 34S, EV 87.5 MPH)
|
|
Batting: SHB Jose Pacheco
|
0-0: Ball 1-0: Ball 2-0: DOUBLE (Line Drive, 3D, EV 98.1 MPH) Pete Hansel scores
|
|
Batting: RHB Matt Belgard
|
0-0: Called Strike 0-1: Ball Pickoff Throw to Second - Out!
|
| Bottom of the 5th over - 1 run, 2 hits, 0 errors, 0 left on base; Detroit 4 - Kansas City 3 |
| TOP OF THE 6TH |
|
Detroit Tigers batting - Pitching for Kansas City Royals : RHP Joe Jordahl
|
|
Pitching: LHP John Hall
|
|
|
Batting: RHB Rich Stinson
|
0-0: DOUBLE (Line Drive, 78M, EV 106.9 MPH)
|
|
Batting: RHB Chris Wheatley
|
0-0: Called Strike 0-1: Swinging Strike 0-2: Hit by Pitch
|
|
Batting: SHB Ross Holland
|
0-0: Ball Rich Stinson steals 3rd base Chris Wheatley to second 1-0: Foul Ball, location: 2F 1-1: Foul Ball, location: 2F 1-2: Strikes out swinging
|
|
Batting: LHB Tyler Davis
|
0-0: SINGLE (Groundball, 34, EV 94.4 MPH) Rich Stinson scores Chris Wheatley to third Runner from 3rd tries for Home, SAFE, throw by RF to home Tyler Davis to second
|
|
Batting: RHB Dan Friess
|
0-0: Called Strike 0-1: Ball 1-1: Foul Ball, location: 2F 1-2: Ball 2-2: Strikes out looking
|
|
Batting: LHB Morgan Black
|
0-0: Called Strike 0-1: Ball 1-1: Foul Ball, location: 2F 1-2: Strikes out swinging
|
| Top of the 6th over - 2 runs, 2 hits, 0 errors, 1 left on base; Detroit 6 - Kansas City 3 |
| BOTTOM OF THE 6TH |
|
Kansas City Royals batting - Pitching for Detroit Tigers : RHP Chris McCurdy
|
|
Batting: RHB Matt Belgard
|
0-0: Called Strike 0-1: Called Strike 0-2: Foul Ball, location: 2F 0-2: Ball 1-2: Ball 2-2: Ball 3-2: Fly out, F9 (Flyball, 9D, EV 97.5 MPH)
|
|
Batting: RHB Mike Jaquez
|
0-0: Swinging Strike 0-1: Ball 1-1: Fly out, F6 (Line Drive, 6M, EV 65.0 MPH)
|
|
Batting: LHB Roman Downey
|
0-0: Ball 1-0: Ground out 6-3 (Groundball, 6M, EV 100.6 MPH)
|
| Bottom of the 6th over - 0 runs, 0 hits, 0 errors, 0 left on base; Detroit 6 - Kansas City 3 |
| TOP OF THE 7TH |
|
Detroit Tigers batting - Pitching for Kansas City Royals : LHP John Hall
|
|
Pitching: RHP Jimmy Silveira IV
|
|
|
Batting: LHB Frank McConnell
|
0-0: Foul Ball, location: 2F 0-1: Ground out 6-3 (Groundball, 4M, EV 81.9 MPH)
|
|
Batting: RHB Andres Leon
|
0-0: Called Strike 0-1: Foul Ball, location: 2F 0-2: Ball 1-2: Ball 2-2: Strikes out swinging
|
|
Batting: RHB Adrian Novakovic
|
0-0: Ball 1-0: Ball 2-0: Ball 3-0: Called Strike 3-1: Swinging Strike 3-2: Strikes out swinging
|
| Top of the 7th over - 0 runs, 0 hits, 0 errors, 0 left on base; Detroit 6 - Kansas City 3 |
| BOTTOM OF THE 7TH |
|
Kansas City Royals batting - Pitching for Detroit Tigers : RHP Chris McCurdy
|
|
Batting: LHB Bill Baconneck
|
0-0: Swinging Strike 0-1: Swinging Strike 0-2: Ball 1-2: Strikes out swinging
|
|
Batting: SHB Gil Switzer
|
0-0: Swinging Strike 0-1: Ball 1-1: Foul Ball, location: 2F 1-2: Strikes out swinging
|
|
Batting: LHB Pete Hansel
|
0-0: Ball 1-0: Ball 2-0: Ball 3-0: Foul Ball, location: 2F 3-1: Base on Balls
|
|
Batting: LHB Manny Estrada
|
0-0: Called Strike 0-1: Ball 1-1: Fly out, F9 (Flyball, 89M, EV 88.1 MPH)
|
| Bottom of the 7th over - 0 runs, 0 hits, 0 errors, 1 left on base; Detroit 6 - Kansas City 3 |
| TOP OF THE 8TH |
|
Detroit Tigers batting - Pitching for Kansas City Royals : RHP Jimmy Silveira IV
|
|
Batting: RHB Rich Stinson
|
0-0: Foul Ball, location: 2F 0-1: Ball 1-1: Swinging Strike 1-2: Foul Ball, location: 2F 1-2: Ball 2-2: Ball 3-2: DOUBLE (Flyball, 89D, EV 97.5 MPH)
|
|
Batting: RHB Chris Wheatley
|
0-0: Ball 1-0: Ball 2-0: Ball 3-0: Base on Balls
|
|
Batting: SHB Ross Holland
|
0-0: Foul Ball, location: 2F 0-1: Foul Ball, location: 2F 0-2: Strikes out swinging
|
|
Batting: LHB Tyler Davis
|
0-0: Called Strike 0-1: Ball 1-1: Ball 2-1: Ball 3-1: Foul Ball, location: 2F 3-2: Foul Ball, location: 2F 3-2: Base on Balls Rich Stinson to third Chris Wheatley to second
|
|
Batting: RHB Dan Friess
|
0-0: Foul Ball, location: 2F 0-1: Foul Ball, location: 2F 0-2: Fly out, F7 (Flyball, 7LM, EV 84.4 MPH)
|
|
Batting: LHB Morgan Black
|
0-0: Ball 1-0: Called Strike 1-1: Swinging Strike 1-2: Ball 2-2: Foul Ball, location: 2F 2-2: Ball 3-2: Base on Balls Rich Stinson scores Chris Wheatley to third Tyler Davis to second
|
|
Pitching: LHP Mike Jones
|
|
|
Batting: LHB Frank McConnell
|
0-0: Called Strike 0-1: Swinging Strike 0-2: Foul Ball, location: 2F 0-2: Strikes out swinging
|
| Top of the 8th over - 1 run, 1 hit, 0 errors, 3 left on base; Detroit 7 - Kansas City 3 |
| BOTTOM OF THE 8TH |
|
Kansas City Royals batting - Pitching for Detroit Tigers : RHP Chris McCurdy
|
|
Batting: LHB Sam Britt
|
0-0: Foul Ball, location: 2F 0-1: Ball 1-1: Ball 2-1: Foul Ball, location: 2F 2-2: Ball 3-2: Strikes out swinging
|
|
Batting: SHB Jose Pacheco
|
0-0: Ball 1-0: Ground out 6-3 (Groundball, 6, EV 80.0 MPH)
|
|
Batting: RHB Matt Belgard
|
0-0: Ground out U3 (Groundball, 3, EV 103.8 MPH)
|
| Bottom of the 8th over - 0 runs, 0 hits, 0 errors, 0 left on base; Detroit 7 - Kansas City 3 |
| TOP OF THE 9TH |
|
Detroit Tigers batting - Pitching for Kansas City Royals : LHP Mike Jones
|
|
Batting: RHB Andres Leon
|
0-0: Called Strike 0-1: Called Strike 0-2: Fly out, F4 (Popup, 4MD, EV 59.4 MPH)
|
|
Batting: RHB Adrian Novakovic
|
0-0: Ball 1-0: Ball 2-0: Ball 3-0: Called Strike 3-1: Foul Ball, location: 2F 3-2: Ground out 6-3 (Groundball, 6, EV 81.2 MPH)
|
|
Batting: RHB Rich Stinson
|
0-0: Ball 1-0: Foul Ball, location: 2F 1-1: Ball 2-1: Ball 3-1: Base on Balls
|
|
Batting: RHB Chris Wheatley
|
0-0: Called Strike 0-1: Swinging Strike 0-2: Strikes out swinging
|
| Top of the 9th over - 0 runs, 0 hits, 0 errors, 1 left on base; Detroit 7 - Kansas City 3 |
| BOTTOM OF THE 9TH |
|
Kansas City Royals batting - Pitching for Detroit Tigers : RHP Chris McCurdy
|
|
Batting: RHB Mike Jaquez
|
0-0: Called Strike 0-1: Foul Ball, location: 2F 0-2: Ball 1-2: Foul Ball, location: 2F 1-2: Ball 2-2: Ball 3-2: Base on Balls
|
|
Batting: LHB Roman Downey
|
0-0: Foul Ball, location: 2F 0-1: Swinging Strike 0-2: Foul Ball, location: 2F 0-2: Ball 1-2: Ball 2-2: Grounds into double play, 4-6-3 (Groundball, 4D, EV 106.9 MPH)
|
|
Batting: LHB Bill Baconneck
|
0-0: Ground out 4-3 (Groundball, 4, EV 83.8 MPH)
|
| Bottom of the 9th over - 0 runs, 0 hits, 0 errors, 0 left on base; Detroit 7 - Kansas City 3 |
|